AoeStats
← Grievous31

Fortress

510149595Analyzed
3v3 RM · 18h ago on Sep 29, 2026· 43m 35s· 6 players
Game mode
Random Map
Map size
Large (8 player)
Population
200
Speed
Normal
Resources
Standard
Victory
Conquest
Starting age
Dark Age
Ending age
Imperial Age
RankedLock teamsTeams togetherTeam positionsShared explorationLock speedFull tech treeHidden civsTurbo modeCheats
Victory
Defeat
🇹🇷 Turks · Türkiye
1121
+15
🇫🇷 Britons · France
1117
+15
🇪🇸 Spanish · Spain
1091
+16
🇨🇭 Teutons · Switzerland
1147
-17
🇨🇿 Slavs · Czechia
1084
-39
🇺🇸 Muisca · United States
1064
-14
Grievous31
7:53 Feudal Age
7:25 Loom
12:35 Castle Age
10:57 Double-Bit Axe
12:19 Horse Collar
15:16 Crossbowman
15:48 Fletching
15:58 Padded Archer Armor
18:06 Bow Saw
21:06 Wheelbarrow
20:49 Bodkin Arrow
22:13 Leather Archer Armor
22:51 Hand Cart
23:24 Heavy Plow
23:46 Gold Mining
27:35 Imperial Age
26:25 Ballistics
27:41 Arbalester
28:25 Bracer
28:26 Scale Mail Armor
28:37 Forging
28:34 Scale Barding Armor
29:36 Two-Man Saw
30:08 Chemistry
30:34 Masonry
29:52 Pikeman
30:32 Squires
31:01 Light Cavalry
31:41 Husbandry
33:47 Architecture
33:12 Guard Tower
33:13 Arrowslits
35:59 Conscription
36:03 Yeomen
36:22 Ring Archer Armor
garmorata
7:42 Feudal Age
8:13 Double-Bit Axe
8:10 Horse Collar
15:45 Castle Age
14:55 Stone Mining
18:06 Bow Saw
18:03 Heavy Plow
19:40 Gold Mining
20:00 Loom
21:03 Pikeman
21:47 Scale Mail Armor
21:58 Forging
25:07 Iron Casting
25:05 Squires
27:50 Imperial Age
29:40 Chemistry
30:45 Two-Man Saw
30:25 Halberdier
30:52 Arson
34:26 Wheelbarrow
35:48 Blast Furnace
35:54 Scale Barding Armor
36:34 Husbandry
36:22 Cavalier
43:22 Bloodlines
43:24 Gambesons
.BTB kral
7:50 Feudal Age
8:39 Double-Bit Axe
10:28 Gold Mining
14:28 Castle Age
17:31 Gold Shaft Mining
20:18 Imperial Age
21:39 Padded Archer Armor
22:36 Fletching
25:56 Wheelbarrow
27:42 Leather Archer Armor
37:02 Ring Archer Armor
36:28 Bodkin Arrow
Nightfury
6:33 Feudal Age
5:13 Loom
7:52 Double-Bit Axe
13:29 Castle Age
12:00 Gold Mining
11:52 Horse Collar
12:50 Stone Mining
14:27 Bow Saw
15:13 Heavy Plow
17:11 Wheelbarrow
19:06 Hand Cart
19:27 Detinets
19:21 Pikeman
23:17 Forging
24:39 Iron Casting
28:43 Imperial Age
28:57 Sappers
29:47 Conscription
38:01 Gold Shaft Mining
42:01 Two-Man Saw
Simon
3:57 Loom
7:01 Feudal Age
10:44 Castle Age
9:38 Horse Collar
10:29 Bloodlines
10:08 Double-Bit Axe
13:16 Wheelbarrow
13:43 Bow Saw
17:17 Heavy Plow
17:38 Heavy Plow
20:32 Scale Barding Armor
20:44 Hand Cart
23:03 Chain Barding Armor
22:54 Forging
24:50 Squires
24:53 Scale Mail Armor
25:35 Gold Mining
25:36 Stone Mining
26:52 Chain Mail Armor
27:13 Iron Casting
30:42 Imperial Age
28:53 Arson
30:34 Masonry
32:04 Plate Mail Armor
32:35 Blast Furnace
31:59 Conscription
31:00 Elite Teutonic Knight
33:20 Chemistry
32:26 Siege Engineers
36:27 Cavalier
37:44 Padded Archer Armor
37:34 Fletching
38:48 Hoardings
38:56 Plate Barding Armor
Spaghetti
0:37 Loom
8:53 Feudal Age
10:34 Horse Collar
10:39 Double-Bit Axe
14:04 Castle Age
11:59 Champi Runner
13:31 Forging
13:25 Scale Mail Armor
14:16 Forging
17:13 Gold Mining
18:36 Heavy Plow
18:47 Bow Saw
19:18 Wheelbarrow
19:24 Fletching
22:27 Hand Cart
23:03 Bodkin Arrow
23:08 Padded Archer Armor
25:21 Gold Shaft Mining
24:36 Stone Mining
28:42 Imperial Age
29:26 Leather Archer Armor
29:39 Bracer
30:43 Chemistry
30:03 Ballistics
29:49 Siege Engineers
30:20 Elite Skirmisher
31:56 Elite Guecha Warrior
32:50 Champi Warrior
32:55 Elite Temple Guard
36:17 Two-Man Saw
35:48 Crop Rotation
36:16 Capped Ram
43:13 Conscription
43:02 Herbalism
Connection lost

Rejoining the realm…

Still unreachable

The connection could not be restored.

Session expired

The server has moved on; the page needs a fresh start.